 Dungeon Crawl Stone Soup version 0.28-a0-697-g47f3eba078 (webtiles) character file.

Game seed: 13765909068258460886

186917 helsbecter the Executioner (level 17, -7/270 HPs)
             Began as a Minotaur Berserker on Oct 23, 2021.
             Was the Champion of Trog.
             Killed from afar by Arachne (11 damage)
             ... with a bolt of poison
             ... on level 2 of the Spider Nest on Oct 24, 2021.
             The game lasted 01:35:12 (32876 turns).

helsbecter the Executioner (Minotaur Berserker)    Turns: 32876, Time: 01:35:14

Health: -7/270     AC: 20    Str: 27    XL:     17   Next: 86%
Magic:  16/16      EV: 10    Int:  5    God:    Trog [******]
Gold:   5174       SH:  0    Dex: 11    Spells: 16/16 levels left

rFire   + + .      SeeInvis .   K - +6 executioner's axe (flame)
rCold   + . .      Faith    +   (shield currently unavailable)
rNeg    . . .      Spirit   .   X - +1 plate armour {rPois}
rPois   +          Reflect  .   D - +0 hat of Baldness {rF+}
rElec   +          Harm     .   U - +0 cloak {Stlth+}
rCorr   .          Rampage  .   A - +2 pair of gloves {Stlth+}
Will    ++++.                   G - +0 pair of boots
Stlth   ..........              r - amulet of faith
HPRegen 1.55/turn               V - ring of Debafas {rElec rF+ rC+ Will+}
MPRegen 0.15/turn               w - +4 ring of slaying

@: berserking, lethally poisoned (-7 -> -24), strong-willed, regenerating,
slowed, studying Dodging
A: horns 2, retaliatory headbutt
a: Renounce Religion, Berserk, Trog's Hand, Brothers in Arms


You were on level 2 of the Spider Nest.
You worshipped Trog.
Trog was exalted by your worship.
You visited 4 branches of the dungeon, and saw 25 of its levels.
You visited the Abyss 1 time.
You also visited: Bailey, Gauntlet, Ice Cave and Volcano.

You collected 5394 gold pieces.
You spent 220 gold pieces at shops.

Inventory:

Hand Weapons
 K - a +6 executioner's axe of flaming (weapon)
Missiles
 J - a throwing net (quivered)
Armour
 A - a +2 pair of gloves of stealth (worn)
 D - the +0 hat of Baldness (worn) {rF+}
   (You found it on level 15 of the Dungeon)

   rF:        It protects you from fire.
 G - a +0 pair of boots (worn)
 U - a +0 cloak of stealth (worn)
 X - a +1 plate armour of poison resistance (worn)
Jewellery
 c - a ring of positive energy
 d - a ring of willpower
 k - a ring of see invisible
 o - a ring of protection from fire
 r - an amulet of faith (around neck)
 u - a ring of protection from cold
 w - a +4 ring of slaying (right hand)
 x - the ring "Oxabehum" {Wiz rElec Str+4 Dex-4 Stlth+}
   (You found it in a Gauntlet)

   [ring of wizardry]

   It improves your spell success rate.
   Str:       It affects your strength (+4).
   Dex:       It affects your dexterity (-4).
   rElec:     It insulates you from electricity.
   Stlth:     It makes you more stealthy.
 V - the ring of Debafas (left hand) {rElec rF+ rC+ Will+}
   (You found it in a Gauntlet)

   [ring of willpower]

   rF:        It protects you from fire.
   rC:        It protects you from cold.
   rElec:     It insulates you from electricity.
   Will:      It increases your willpower.
 Y - the ring "Faacu" {Fire rCorr Int-4 Dex+3 SInv}
   (You took it off a minotaur in a Gauntlet)

   [ring of fire]

   It enhances your fire magic.
   Int:       It affects your intelligence (-4).
   Dex:       It affects your dexterity (+3).
   rF:        It protects you from fire.
   rC:        It makes you vulnerable to cold.
   SInv:      It lets you see invisible.
   rCorr:     It protects you from acid and corrosion.
Wands
 l - a wand of charming (7)
 m - a wand of flame (63)
 y - a wand of digging (11)
 I - a wand of iceblast (34)
 Z - a wand of acid (11)
Scrolls
 a - 2 scrolls of fear
 b - 3 scrolls of magic mapping
 e - a scroll of fog
 n - 2 scrolls of brand weapon
 s - 5 scrolls of holy word
 v - 7 scrolls of teleportation
 z - a scroll of blinking
 H - 3 scrolls of noise
 T - 4 scrolls of enchant armour
Potions
 f - 6 potions of might
 g - 6 potions of heal wounds
 h - 4 potions of resistance
 i - 2 potions of cancellation
 j - 5 potions of haste
 q - 11 potions of curing
 t - 7 potions of lignification
 B - 3 potions of mutation
 C - 4 potions of flight
 E - a potion of magic
 F - a potion of berserk rage
 L - 2 potions of attraction
 P - 3 potions of invisibility
Miscellaneous
 p - a lightning rod (4/4)
 N - a condenser vane
 Q - a phantom mirror
 S - a condenser vane


   Skills:
 + Level 23.2 Fighting
 + Level 25.5 Axes
 - Level 8.0 Armour
 + Level 9.5 Dodging


You had 16 spell levels left.
You didn't know any spells.
Your spell library was empty.

Dungeon Overview and Level Annotations

Branches:
Dungeon (15/15)            Temple (0/1) D:7            Lair (6/6) D:9
 Shoals (0/4) Lair:3       Spider (2/4) Lair:2        Slime (0/5) Lair:6
    Orc (2/2) D:9             Elf (0/3) Orc:2        Vaults (0/5) D:14
 Depths (0/4) D:15         Bailey (visited)           IceCv (visited)
Volcano (visited)         Gauntlet (visited)

Altars:
Dithmenos
Elyvilon
Hepliaklqana
Kikubaaqudgha
Okawaru
Qazlal
Trog
Vehumet
Xom
Yredelemnul
Zin
The Shining One
Beogh

Shops:
D:8 (   Orc:2 *!(?

Annotations:
Lair:4 2 transporters, Goemiynn's ghost, journeyman OgTm
Spider:2 Arachne


Innate Abilities, Weirdness & Mutations

You have a pair of horns on your head.
You reflexively headbutt those who attack you in melee.


Message History

Being near the torpor snail leaves you feeling lethargic.
Your deep troll bites the moth of wrath!
Your deep troll claws the moth of wrath.
Your deep troll claws the moth of wrath!!
The moth of wrath dies!
Trog accepts your kill.
You carve Arachne like a ham!!! You burn Arachne! You headbutt Arachne!!
Arachne is heavily wounded.
You feel sick.
Arachne hits you with a staff of poison!
* * * LOW HITPOINT WARNING * * *
Arachne envenoms you.
* * * LOW HITPOINT WARNING * * *
You slice Arachne!! You burn Arachne!
Arachne is severely wounded.
Arachne hits you with a staff of poison!!
* * * LOW HITPOINT WARNING * * *
Arachne envenoms you.
* * * LOW HITPOINT WARNING * * *
You are more poisoned.
The torpor snail bites your deep troll!
You slice Arachne!! You burn Arachne! You headbutt Arachne!!
Arachne is almost dead.
You feel sick. Arachne casts a spell at you. The poison arrow hits you!
You are more poisoned.
You partially resist.
* * * LOW HITPOINT WARNING * * *
Your deep troll bites the torpor snail.
Your deep troll claws the torpor snail but does no damage.
Your deep troll claws the torpor snail!!
You barely miss Arachne.
Arachne is almost dead.
You feel sick. Arachne casts a spell at you. The bolt of poison hits you!
You are lethally poisoned!
You resist.
You die...

......†≈†....#
......≈w!.##
......≈T...#
≈≈...^.≈....#
..≈≈≈≈≈≈≈≈..##
.....≈...≈≈≈≈..#
..........≈≈≈..##
............≈≈†H.#
..≈≈.......≈≈≈≈^@##
...≈≈.....≈≈....##
....≈≈≈≈≈≈≈.....#
...≈≈≈≈≈≈≈.....##
.≈≈≈≈≈≈≈≈≈......#
.≈≈≈≈≈≈≈≈≈..#..##
#≈#≈≈≈≈.....####
#≈≈≈≈≈.<....#
#≈≈#≈....^.##


You could see Arachne, a torpor snail (ally target) and a friendly deep troll
(summoned, berserk, slow).

Vanquished Creatures
  Jorgrun (Orc:2)
  Rupert (Orc:2)
  Louise (Spider:1)
  Aizul (Spider:1)
  A dire elephant (D:15)
  A minotaur (Gauntlet)
  A red draconian (Volcano)
  Snorg (D:13)
  An ettin (Orc:2)
  Josephine (D:11)
  A hell beast (Gauntlet)
  11 hydras
  The ghost of HilariousDeathArtist the Fighter, a journeyman VSBe of Trog (D:13)
  2 ice dragons (D:13)
  A vault guard (D:14)
  3 boulder beetles
  2 catoblepae
  The ghost of Faca the Fighter, a novice MiBe of Trog (D:8)
  2 ogre magi (D:15)
  An anaconda (shapeshifter) (D:8)
  6 centaur warriors
  14 two-headed ogres
  2 tengu warriors
  4 orc high priests (Orc:2)
  18 death yaks
  A hell hog (Gauntlet)
  The ghost of ytrimaz the Cleaver, a novice MiBe of Trog (D:8)
  18 spriggans
  The ghost of siradein the Skirmisher, a novice DrWr of Hepliaklqana (D:9)
  A wizard (D:15)
  A large abomination (Abyss:2)
  A lindwurm (Lair:6)
  5 wolf spiders (Spider:1)
  5 deep elf pyromancers
  7 orc sorcerers
  4 orb spiders (Spider:1)
  5 orc knights (Orc:2)
  19 ugly things
  4 cyclopes
  9 manticores
  The ghost of BigDaddyOpFi the Chopper, a novice GrFi (D:6)
  3 moths of wrath
  6 elephants
  5 black mambas
  A merfolk siren (Lair:3)
  An apocalypse crab (Abyss:2)
  5 gargoyles
  5 cane toads
  6 ice statues
  An unseen horror (shapeshifter) (D:14)
  A hellion (D:15)
  3 rime drakes
  A freezing wraith (D:15)
  An entropy weaver simulacrum (IceCv)
  An unseen horror (D:10)
  2 kobold demonologists (D:12)
  8 komodo dragons
  3 demonic crawlers
  An ancient zyme (Abyss:2)
  9 jumping spiders (Spider:1)
  4 polar bears (Lair:6)
  A small abomination (Abyss:2)
  3 trolls
  A raiju (Gauntlet)
  8 hornets
  27 blink frogs
  6 slime creatures
  A dream sheep (Lair:2)
  Sigmund (D:2)
  A centaur simulacrum (D:15)
  A tarantella (Spider:2)
  5 redbacks
  3 wyverns
  7 basilisks
  55 yaks
  5 wraiths (D:11)
  2 vampires
  2 fire bats (Gauntlet)
  A steam dragon (Gauntlet)
  A death yak simulacrum (IceCv)
  A basilisk (shapeshifter) (D:15)
  8 vampire mosquitoes
  A harpy simulacrum (IceCv)
  A swamp worm (shapeshifter) (D:14)
  5 wargs
  4 acid dragons
  5 hell hounds (Gauntlet)
  16 water moccasins
  13 ice beasts
  41 orc warriors
  3 black bears
  A hornet zombie (D:8)
  11 ogres
  57 wolves
  6 boggarts
  34 centaurs
  6 kobold brigands
  13 bullfrogs
  A wyvern zombie (D:7)
  4 gnoll sergeants
  A wyvern skeleton (D:7)
  An elephant simulacrum (IceCv)
  10 killer bees
  5 wights (D:10)
  3 electric eels
  A howler monkey (D:10)
  2 bullfrog zombies
  A lava snake (Lair:1)
  A quasit (Abyss:2)
  5 centaur zombies
  A jelly (Lair:6)
  2 hounds (D:7)
  26 orc priests
  3 gnoll shamans
  Ijyb (D:3)
  3 iguanas
  37 orc wizards
  A killer bee zombie (D:6)
  A wolf simulacrum (IceCv)
  A howler monkey zombie (D:8)
  20 gnolls
  A howler monkey skeleton (D:5)
  8 adders
  A shadow imp (D:7)
  14 white imps
  An ufetubus (D:7)
  A worm (D:2)
  A dart slug (D:1)
  146 orcs
  8 ball pythons
  9 endoplasms
  2 giant cockroaches
  15 goblins
  8 hobgoblins
  7 jackals
  25 kobolds
  4 quokkas
  8 bats
  2 frilled lizards
  3 rats
981 creatures vanquished.

Vanquished Creatures (collateral kills)
  The ghost of Loulutte the Severer, a journeyman DDWr of Makhleb (D:15)
  A spark wasp (Spider:2)
  A boulder beetle (D:15)
  A wolf spider (Spider:2)
  A moth of wrath (Spider:2)
  An unseen horror (D:10)
  An orc warrior (Orc:2)
7 creatures vanquished.

Vanquished Creatures (others)
  An orc warrior (Orc:1)
  17 demonic plants (Gauntlet)
  44 fungi
  153 plants
215 creatures vanquished.

Grand Total: 1203 creatures vanquished

Notes
Turn   | Place    | Note
-------+----------+-------------------------------------------
     0 | D:1      | helsbecter the Minotaur Berserker began the quest for the
                  | Orb.
     0 | D:1      | Reached XP level 1. HP: 19/19 MP: 0/0
    20 | D:1      | Reached skill level 4 in Axes
   371 | D:1      | Reached XP level 2. HP: 22/26 MP: 1/1
  1014 | D:2      | Reached skill level 5 in Axes
  1134 | D:2      | Reached XP level 3. HP: 30/31 MP: 2/2
  1144 | D:2      | Reached ** piety under Trog
  1155 | D:2      | Found a faded altar of an unknown god.
  1348 | D:2      | Noticed Sigmund
  1357 | D:2      | Killed Sigmund
  1358 | D:2      | Reached skill level 7 in Axes
  1358 | D:2      | Reached XP level 4. HP: 39/39 MP: 3/3
  1358 | D:2      | Reached XP level 5. HP: 45/45 MP: 4/4
  1630 | D:3      | Reached skill level 8 in Axes
  1661 | D:3      | Noticed Ijyb
  1672 | D:3      | Killed Ijyb
  1673 | D:3      | Reached XP level 6. HP: 51/51 MP: 5/5
  2027 | D:3      | Reached *** piety under Trog
  2493 | D:4      | Reached skill level 9 in Axes
  2547 | D:4      | Found a shimmering altar of Xom.
  2548 | D:4      | Found a hazy altar of Hepliaklqana.
  2549 | D:4      | Noticed a spectral ugly thing
  2922 | D:5      | Entered Level 5 of the Dungeon
  3157 | D:5      | Reached **** piety under Trog
  3158 | D:5      | Reached XP level 7. HP: 43/57 MP: 6/6
  3337 | D:5      | Noticed a two-headed ogre
  3357 | D:5      | Killed a two-headed ogre
  3358 | D:5      | Reached skill level 12 in Axes
  3358 | D:5      | Reached XP level 8. HP: 38/64 MP: 7/7
  3642 | D:5      | Identified the ring "Susiuf" {rElec rC+ rCorr Dex+4 Slay-6}
  3871 | D:5      | Found a white marble altar of Elyvilon.
  4040 | D:6      | Noticed BigDaddyOpFi's ghost (novice GrFi)
  4238 | D:6      | Reached skill level 13 in Axes
  4408 | D:6      | Reached skill level 5 in Fighting
  4642 | D:6      | Found a runed translucent door.
  4655 | D:6      | Killed BigDaddyOpFi's ghost
  4656 | D:6      | Reached XP level 9. HP: 75/75 MP: 8/8
  5027 | D:7      | Reached skill level 14 in Axes
  5277 | D:7      | Found a staircase to the Ecumenical Temple.
  5441 | D:7      | Reached ***** piety under Trog
  6247 | D:8      | Found a runed translucent door.
  6261 | D:8      | Noticed Faca's ghost (novice MiBe)
  6261 | D:8      | Noticed a polar bear
  6346 | D:8      | Found a runed translucent gate.
  6346 | D:8      | Found a runed translucent gate.
  6346 | D:8      | Found a runed translucent gate.
  6346 | D:8      | Noticed ytrimaz's ghost (novice MiBe)
  6348 | D:8      | Found a basalt altar of Yredelemnul.
  6359 | D:8      | Reached skill level 15 in Axes
  6366 | D:8      | Killed ytrimaz's ghost
  6367 | D:8      | Reached XP level 10. HP: 89/91 MP: 9/9
  6626 | D:8      | Found Nempiy's Weapon Boutique.
  7300 | D:8      | Found a glowing silver altar of Zin.
  7357 | D:8      | Noticed an anaconda
  7374 | D:8      | Killed an anaconda
  7382 | D:8      | Killed Faca's ghost
  7383 | D:8      | Reached skill level 10 in Fighting
  7603 | D:9      | Reached skill level 16 in Axes
  7604 | D:9      | Received a gift from Trog
  7682 | D:9      | Noticed a death yak
  7685 | D:9      | Noticed a death yak
  8167 | D:9      | Found a runed translucent gate.
  8168 | D:9      | Found a runed translucent gate.
  8169 | D:9      | Found a runed translucent gate.
  8169 | D:9      | Noticed siradein's ghost (novice DrWr)
  8216 | D:9      | Reached XP level 11. HP: 97/104 MP: 10/10
  8235 | D:9      | Noticed a death yak
  8252 | D:9      | Killed a death yak
  8253 | D:9      | Noticed a death yak
  8258 | D:9      | Killed a death yak
  8259 | D:9      | Reached skill level 17 in Axes
  8279 | D:9      | Killed a death yak
  8280 | D:9      | Killed a death yak
  8392 | D:9      | Found a glowing golden altar of the Shining One.
  8595 | D:9      | Received a gift from Trog
  8599 | D:9      | Found a staircase to the Orcish Mines.
  8605 | D:9      | Found a shadowy altar of Dithmenos.
  8980 | D:9      | Found a staircase to the Lair.
  9048 | D:9      | Found a stormy altar of Qazlal.
  9049 | D:9      | Found an ancient bone altar of Kikubaaqudgha.
  9142 | D:9      | Killed siradein's ghost
  9151 | D:9      | Identified 2 scrolls of acquirement
  9151 | D:9      | Acquired 990 gold pieces
  9152 | D:9      | Acquired 784 gold pieces
  9166 | D:10     | Entered Level 10 of the Dungeon
  9342 | D:10     | Found an iron altar of Okawaru.
  9420 | D:10     | Found a radiant altar of Vehumet.
  9515 | D:10     | Noticed a two-headed ogre
  9522 | D:10     | Killed a two-headed ogre
 10033 | D:10     | Noticed a two-headed ogre
 10284 | D:10     | Killed a two-headed ogre
 10285 | D:10     | Reached skill level 18 in Axes
 10661 | D:10     | Acquired a +0 antimagic executioner's axe
 11117 | D:11     | Reached XP level 12. HP: 116/116 MP: 11/11
 11119 | D:11     | Noticed Josephine
 11126 | D:11     | Killed Josephine
 11208 | D:11     | Received a gift from Trog
 11400 | D:11     | Found a flagged portal.
 11412 | Bailey   | Entered a bailey
 12267 | Bailey   | Identified the ring "Epeo" {rPois Str-5 Int+3 Dex+4}
 12424 | D:11     | Noticed an eight-headed hydra
 12432 | D:11     | Killed a five-headed hydra
 12602 | D:11     | Reached skill level 19 in Axes
 12799 | D:11     | Received a gift from Trog
 12814 | D:11     | Found a glowing golden altar of the Shining One.
 12962 | D:11     | Reached ****** piety under Trog
 13298 | D:12     | Acquired 615 gold pieces
 13327 | D:12     | Noticed a boulder beetle
 13335 | D:12     | Killed a boulder beetle
 13336 | D:12     | Reached skill level 15 in Fighting
 13379 | D:12     | Reached skill level 5 in Armour
 13379 | D:12     | Noticed a two-headed ogre
 13382 | D:12     | Reached skill level 5 in Dodging
 13390 | D:12     | Killed a two-headed ogre
 13557 | D:12     | Noticed a two-headed ogre
 13561 | D:12     | Killed a two-headed ogre
 13686 | D:12     | Found a frozen archway.
 13772 | IceCv    | Entered an ice cave
 13890 | IceCv    | Found a transporter.
 13902 | IceCv    | Found a transporter.
 13922 | IceCv    | Reached XP level 13. HP: 99/127 MP: 12/12
 14938 | D:13     | Noticed Snorg
 14943 | D:13     | Killed Snorg
 15268 | Lair:1   | Entered Level 1 of the Lair of Beasts
 15493 | Lair:1   | Received a gift from Trog
 16347 | Lair:2   | Reached skill level 20 in Axes
 16814 | Lair:2   | Found a hole to the Spider Nest.
 17649 | Lair:3   | Received a gift from Trog
 17670 | Lair:3   | Found a staircase to the Shoals.
 18435 | Lair:3   | Reached XP level 14. HP: 138/140 MP: 13/13
 18812 | Lair:4   | Reached skill level 21 in Axes
 18949 | Lair:4   | Found a transporter.
 18960 | Lair:4   | Received a gift from Trog
 18968 | Lair:4   | Noticed Goemiynn's ghost (journeyman OgTm)
 19068 | Lair:4   | Found a transporter.
 19287 | Lair:4   | Found a bloodstained altar of Trog.
 20153 | Lair:5   | Found a gate leading to a gauntlet.
 20163 | Gauntlet | Entered a Gauntlet
 20163 | Gauntlet | Found a transporter.
 20163 | Gauntlet | Found a transporter.
 20163 | Gauntlet | Found a transporter.
 20163 | Gauntlet | Found a transporter.
 20167 | Gauntlet | Found a transporter.
 20176 | Gauntlet | Found a transporter.
 20184 | Gauntlet | Found a transporter.
 20187 | Gauntlet | Found a transporter.
 20188 | Gauntlet | Found a transporter.
 20188 | Gauntlet | Found a transporter.
 20197 | Gauntlet | Found a transporter.
 20208 | Gauntlet | Found a transporter.
 20317 | Gauntlet | Identified the ring "Oxabehum" {Wiz rElec Str+4 Dex-4
                  | Stlth+}
 20351 | Gauntlet | Identified the ring of Debafas {rElec rF+ rC+ Will+}
 20380 | Gauntlet | Identified the ring "Faacu" {Fire rCorr Int-4 Dex+3 SInv}
 20392 | Gauntlet | Identified the +4 battleaxe of the Sage {vorpal, *Rage rN+
                  | Will+ Int+4}
 20425 | Lair:5   | Found a dark tunnel.
 20433 | Volcano  | Entered a volcano
 21090 | Volcano  | Found a radiant altar of Vehumet.
 21247 | Lair:5   | Reached skill level 22 in Axes
 22383 | Lair:6   | Entered Level 6 of the Lair of Beasts
 22414 | Lair:6   | Received a gift from Trog
 22959 | Lair:6   | Reached XP level 15. HP: 152/152 MP: 14/14
 23247 | Lair:6   | Found a staircase to the Slime Pits.
 23375 | Lair:6   | Received a gift from Trog
 24682 | D:13     | Reached skill level 23 in Axes
 24728 | D:13     | Found a runed translucent door.
 24730 | D:13     | Noticed HilariousDeathArtist's ghost (journeyman VSBe)
 24731 | D:13     | Identified the +6 trident "Dathev" {freeze, rElec Str-3
                  | Int+5}
 24742 | D:13     | Killed HilariousDeathArtist's ghost
 24742 | D:13     | Received a gift from Trog
 26698 | D:14     | Identified the +8 battleaxe of Syndicalism {vorpal, rElec}
                  | (Trog gifted it to you on level 14 of the Dungeon)
 26698 | D:14     | Received a gift from Trog
 26726 | D:14     | Found a gate to the Vaults.
 27035 | D:15     | Entered Level 15 of the Dungeon
 27470 | D:15     | Found a runed translucent gate.
 27471 | D:15     | Found a runed translucent gate.
 27472 | D:15     | Found a runed translucent gate.
 27474 | D:15     | Noticed Loulutte's ghost (journeyman DDWr)
 27527 | D:15     | Reached skill level 24 in Axes
 27687 | D:15     | Found an ancient bone altar of Kikubaaqudgha.
 27756 | D:15     | Reached XP level 16. HP: 140/167 MP: 15/15
 28296 | D:15     | Found an iron altar of Okawaru.
 28394 | D:15     | Found a staircase to the Depths.
 28772 | D:15     | Killed Loulutte's ghost
 28773 | D:15     | Received a gift from Trog
 29141 | D:15     | Identified the +0 hat of Baldness {rF+}
 29319 | Orc:1    | Entered Level 1 of the Orcish Mines
 29515 | Orc:2    | Entered Level 2 of the Orcish Mines
 29518 | Orc:2    | Found a staircase to the Elven Halls.
 29526 | Orc:2    | Noticed Jorgrun
 29545 | Orc:2    | Killed Jorgrun
 29784 | Orc:2    | Received a gift from Trog
 30397 | Orc:2    | Noticed Rupert
 30406 | Orc:2    | Killed Rupert
 30513 | Orc:2    | Reached skill level 25 in Axes
 30516 | Orc:2    | Found Plog's Magic Scroll Shoppe.
 30516 | Orc:2    | Found Teuvvabose's Assorted Antiques.
 30518 | Orc:2    | Found Mecori's Weapon Shoppe.
 30518 | Orc:2    | Found Dioskem's Distillery.
 30524 | Orc:2    | Bought a scroll of enchant armour for 75 gold pieces
 30524 | Orc:2    | Bought a scroll of identify for 20 gold pieces
 30524 | Orc:2    | Bought a scroll of identify for 20 gold pieces
 30524 | Orc:2    | Bought a scroll of identify for 20 gold pieces
 30524 | Orc:2    | Bought a scroll of enchant armour for 75 gold pieces
 30524 | Orc:2    | Bought a scroll of noise for 10 gold pieces
 31459 | Spider:1 | Entered Level 1 of the Spider Nest
 31481 | Spider:1 | Noticed Aizul
 31488 | Spider:1 | Killed Aizul
 31839 | Spider:1 | Noticed Louise
 31843 | Spider:1 | Cast into level 2 of the Abyss (Louise)
 31843 | Abyss:2  | Found a corrupted altar of Lugonu.
 31876 | Abyss:2  | Found a shadowy altar of Dithmenos.
 31891 | Abyss:2  | Found a corrupted altar of Lugonu.
 31929 | Spider:1 | Escaped the Abyss
 31944 | Spider:1 | Killed Louise
 32227 | Spider:1 | Acquired a manual of Dodging
 32856 | Spider:2 | Noticed Arachne
 32868 | Spider:2 | Received a gift from Trog
 32869 | Spider:2 | Reached XP level 17. HP: 36/179 MP: 16/16
 32875 | Spider:2 | HP: 5/270 [Arachne/poison arrow (13)]
 32876 | Spider:2 | Killed from afar by Arachne

Illustrated notes

Levels and vault maps discovered:
D:1:      onia_arrival_pyramid, layout_basic, st_stairs_7,
          chequers_serial_rivers_large_a, minmay_pentomino_p2
D:2:      layout_rooms, hellmonk_ecumenical_altar_heavens_door, uniq_sigmund
D:3:      kennysheep_the_goblin_king, layout_rooms,
          chequers_serial_rivers_small_b, minmay_distorted
D:4:      layout_cave_pools, regret_index_temple_of_mockery
D:5:      layout_basic, elyvilon_altar_4
D:6:      layout_cave_pools, hellmonk_ghost_happy_afterlife
D:7:      layout_basic, minmay_temple_entry_large_hall,
          chequers_serial_rivers_micro_b, minivault_26, grunt_ministairs_11,
          hex_large
D:8:      layout_layer_cave, nicolae_yredelemnul_ghost_church,
          lemuel_coloured_pillars_altar, ebering_ghost_inner_flame,
          serial_shops, shop, serial_bayou_crossing
D:9:      layout_cave_pools, lemuel_round_altar,
          chequers_temple_overflow_statue_of_worship, dpeg_lair_monsters,
          hiddenorc2_lemuel, ebering_ghost_rock_garden
D:10:     minmay_s_stair_smasher, layout_basic,
          mainiacjoe_overflow_catch_the_wave
D:11:     layout_gridville, enter_bailey_5, tso_oasis_becter, uniq_josephine
D:12:     layout_gridville, portal_ice_cave_entry_imps
D:13:     minmay_ice_pillars, layout_rooms, ebering_ghost_funeral_grove,
          uniq_snorg
D:14:     layout_roguey, david_vaults_5, hangedman_decor_clover_reticule
D:15:     hangedman_depths_entry_try_elsewhere_first, layout_layer_cave,
          gammafunk_ghost_tricky_traps, kennysheep_flooded_box,
          kiku_gazebo_garden_becter
Lair:1:   layout_gridlike, grunt_megastairs_5, lemuel_fruit_fields
Lair:2:   layout_small_grid, spider_nest_entry_web_field, wad_woods_river_02,
          grunt_forest_large_clearings, lemuel_fruit_fields
Lair:3:   layout_regular_city, minmay_shoals_entry_lonely_mermaid
Lair:4:   layout_roguey, gammafunk_ghost_wrathful_warriors, grunt_megastairs_3
Lair:5:   layout_layer_cave, gauntlet_entry_generic, serial_forest,
          infiniplex_forest_straight_1, infiniplex_forest_straight_1,
          infiniplex_forest_clump_cross, infiniplex_forest_straight_3,
          infiniplex_forest_clump_diagonal, infiniplex_forest_pool,
          infiniplex_forest_corner_2, lightli_volcano_entry_magma_tube,
          chequers_serial_rivers_marsh, lemuel_fruit_tree
Lair:6:   minmay_lair_end_enchanted_forest, layout_long_grid,
          nicolae_slime_entry_slimehenge, serial_bayou, serial_bayou_pond_a,
          serial_bayou_ford_a, serial_bayou_lagoon_a, serial_bayou_pond_c,
          st_stairs_8
Spider:1: layout_spider_delve, uniq_louise, uniq_aizul
Spider:2: layout_spider_delve, nicolae_spider_nooks_and_crannies,
          nicolae_spider_cling_halls, uniq_arachne
Orc:1:    layout_caves, mines_bat_river
Orc:2:    grunt_orc_tribal_feast, layout_caves, basic_altar, uniq_rupert,
          uniq_jorgrun

Skill      XL: |  1  2  3  4  5  6  7  8  9 10 11 12 13 14 15 16 |
---------------+-------------------------------------------------+-----
Axes           | 4 5 7 8 9 12 13 15 16 18 19 20 22 24 25 | 25.5
Fighting       | 6 9 11 13 15 17 19 21 23 | 23.2
Armour         | 4 6 8 |  8.0
Dodging        | 4 6 8 9 |  9.5

Action                   |  1- 3 |  4- 6 |  7- 9 | 10-12 | 13-15 | 16-18 || total
-------------------------+-------+-------+-------+-------+-------+-------++-------
Melee: Short sword       |    71 |    82 |       |       |       |       ||   153
       Hand axe          |    10 |    43 |    84 |       |       |       ||   137
       Headbutt          |     9 |    24 |    29 |    71 |   147 |    60 ||   340
       War axe           |       |       |    74 |    42 |       |       ||   116
       Battleaxe         |       |       |       |   302 |     4 |       ||   306
       Executioner's axe |       |       |       |    66 |   639 |   283 ||   988
Invok: Berserk           |     1 |     1 |     4 |     8 |     9 |     8 ||    31
       Trog's Hand       |       |       |     1 |     1 |     2 |     4 ||     8
       Brothers in Arms  |       |       |       |     1 |       |     3 ||     4
  Use: Scroll            |       |     2 |       |    12 |    18 |     9 ||    41
       Potion            |       |       |       |       |     1 |     2 ||     3
 Stab: Distracted        |       |       |       |     2 |       |       ||     2
Armor: Chain mail        |    45 |    71 |    30 |       |       |       ||   146
       Animal skin       |     1 |       |       |       |       |       ||     1
       Plate armour      |       |       |    41 |   264 |   348 |   183 ||   836
Dodge: Dodged            |    61 |    51 |    43 |   203 |   249 |   111 ||   718

Table legend: (Time is in decaauts)
 A = Elapsed time spent in this place.
 B = Non-inter-level travel time spent in this place.
 C = Inter-level travel time spent in this place.
 D = Time resting spent in this place.
 E = Time spent auto-exploring this place.
 F = Levels seen in this place.
 G = Mean time per level.
                   A        B        C        D        E       F      G
               +--------+--------+--------+--------+--------+-----+--------+
         Total |  32978 |  31798 |   1180 |   7784 |  17343 |  30 | 1099.3 |
       Dungeon |  19259 |  18546 |    713 |   4543 |  10224 |  15 | 1283.9 |
          Lair |   8094 |   7754 |    340 |   1344 |   5093 |   6 | 1349.0 |
   Spider Nest |   1319 |   1277 |     42 |    233 |    850 |   2 |  659.5 |
  Orcish Mines |   2033 |   1950 |     83 |    450 |   1171 |   2 | 1016.5 |
         Abyss |     92 |     92 |      0 |     32 |      0 |   1 |   92.0 |
        Bailey |    952 |    952 |      0 |    475 |      5 |   1 |  952.0 |
      Ice Cave |    294 |    294 |      0 |    191 |      0 |   1 |  294.0 |
       Volcano |    709 |    709 |      0 |    514 |      0 |   1 |  709.0 |
      Gauntlet |    223 |    223 |      0 |      0 |      0 |   1 |  223.0 |
               +--------+--------+--------+--------+--------+-----+--------+

Top non-repeatable levels by time:
     D:8: 2420 daAuts
    D:15: 2147 daAuts
    D:10: 2008 daAuts
  Lair:6: 1771 daAuts
    D:14: 1626 daAuts
    D:12: 1614 daAuts
  Lair:5: 1533 daAuts
    D:11: 1318 daAuts
  Lair:1: 1266 daAuts
Spider:1: 1264 daAuts
    D:13: 1263 daAuts
     D:5: 1220 daAuts
  Lair:2: 1214 daAuts
   Orc:2: 1172 daAuts
  Lair:4: 1155 daAuts
